 Dungeon Crawl Stone Soup version 0.32-a0-411-g744942f433 (webtiles) character file.

Game seed: 804547067803453822

105 Bobbunny the Charlatan (level 4, -1/35 HPs)
             Began as a Coglin Artificer on Feb 21, 2024.
             Was an Initiate of Gozag.
             Slain by an orc
             ... wielding a +0 trident
              (5 damage)
             ... on level 3 of the Dungeon.
             The game lasted 00:02:56 (2172 turns).

Bobbunny the Charlatan (Coglin Artificer)           Turns: 2172, Time: 00:02:57

Health: -1/35      AC:  3    Str: 14    XL:     4   Next: 83%
Magic:  4/4        EV: 11    Int: 10    God:    Gozag
Gold:   204        SH:  0    Dex: 21    Spells: 3/3 levels left

rFire   + . .        o - +0 short sword {Vikramjeet}
rCold   + . .        w - +2 dagger (venom) {Hsekiu}
rNeg    . . .        b - +0 leather armour
rPois   .            (no helmet)
rElec   .            l - scarf {rC+ rF+}
rCorr   .            (no gloves)
SInv    .            (no boots)
Will    .....        (no amulet)
Stlth   ++           h - +6 ring of dexterity
HPRegen 0.25/turn    (no ring)
MPRegen 0.09/turn

%: no passive effects
@: gold aura, immotile, revved
A: off-hand wielding, slow wielding, warmup strikes, legs shutdown
a: Renounce Religion, Potion Petition, Call Merchant, Bribe Branch


You were on level 3 of the Dungeon.
You worshipped Gozag.
Gozag was aware of your devotion.
You visited 1 branch of the dungeon, and saw 3 of its levels.

You collected 250 gold pieces.
You paid 46 gold pieces to Gozag.

Inventory:

Hand Weapons
 k - a +0 dagger {Eshargamelat}
 o - a +0 short sword (weapon) {Vikramjeet}
 w - a +2 dagger of venom (offhand) {Hsekiu}
Armour
 b - a +0 leather armour (worn)
 l - a scarf of resistance (worn)
Jewellery
 h - a +6 ring of dexterity (left grasper)
Wands
 c - a wand of flame (8) (quivered)
 d - a wand of charming (14)
 e - a wand of iceblast (5)
Scrolls
 f - 4 scrolls of teleportation {unknown}
 i - 2 scrolls of identify {unknown}
 j - a scroll of fear {unknown}
 q - a scroll of poison {unknown}
 r - a scroll of vulnerability {unknown}
 s - a scroll of noise {unknown}
 x - a scroll of amnesia {unknown}
Potions
 a - a potion of attraction {unknown}
 g - a potion of cancellation {unknown}
 m - 2 potions of enlightenment {unknown}
 n - a potion of haste {unknown}
 p - a potion of degeneration {unknown}
 t - a potion of heal wounds {unknown}
 u - 2 potions of curing
 v - a potion of brilliance {unknown}
 z - a potion of might {unknown}


   Skills:
 + Level 3.4 Fighting
 - Level 2.0 Armour
 - Level 1.0 Dodging
 - Level 1.0 Stealth
 + Level 5.2 Evocations


You had 3 spell levels left.
You didn't know any spells.
Your spell library contained the following spells:

 Spells                   Type           Power      Damage    Failure   Level
 Summon Small Mammal      Summ           0%         N/A       43%         1
 Call Canine Familiar     Summ           0%         N/A       80%         3
 Ozocubu's Armour         Ice            0%         N/A       80%         3
 Summon Blazeheart Golem  Fire/Summ      0%         N/A       99%         4
 Borgnjor's Vile Clutch   Necr/Erth      0%         N/A       100%        5
 Metabolic Englaciation   Hex/Ice        0%         N/A       100%        5
 Death Channel            Necr           0%         N/A       100%        6
 Sculpt Simulacrum        Ice/Alch       0%         N/A       100%        6
 Animate Dead             Necr           Unusable   N/A       N/A         4

Dungeon Overview and Level Annotations

Branches:
Dungeon (3/15)

Altars:
Gozag

Annotations:
D:3 2 transporters


Innate Abilities, Weirdness & Mutations

You can wield a second weapon in your off-hand.
It takes a long time for you to wield or remove held weapons.
Your first few attacks do less damage.
Attacking and casting redirects power from your legs.


Message History

You barely miss the orc with your +2 dagger of venom.
The orc closely misses you. The orc completely misses you.
The orc hits you with a +0 trident. The orc barely misses you.
You hit the orc with your +0 short sword.
The orc is severely wounded.
You hit the orc but do no damage.
The orc looks as sick as possible!
The orc hits you with a +0 flail. The orc hits you but does no damage.
The orc hits you with a +0 trident. The orc closely misses you.
You are too injured to fight recklessly!
You are too injured to fight recklessly!
You are too injured to fight recklessly!
You are too injured to fight recklessly!
You are too injured to fight recklessly!
You are too injured to fight recklessly!
You are too injured to fight recklessly!
You are too injured to fight recklessly!
You are too injured to fight recklessly!
You are too injured to fight recklessly!
You hit the orc but do no damage.
The orc looks as sick as possible!
The orc is almost dead.
You closely miss the orc with your +0 short sword.
You kill the orc!
The orc hits you but does no damage. The orc hits you with a +0 trident.
The orc hits you from afar with a +0 trident!
You hit the orc with your +2 dagger of venom.
The orc is severely wounded.
You hit the orc with your +0 short sword.
The orc barely misses you. The orc hits you with a +0 trident.
* * * LOW HITPOINT WARNING * * *
The orc hits you from afar with a +0 trident.
* * * LOW HITPOINT WARNING * * *
Aiming: Charm
Press: ? - help, Shift-Dir - straight line, f - orc
Aim: an orc, wielding a +0 mace and wearing a +0 chain mail (chance to affect: 78%)
The orc is charmed.
The shadow imp shouts, "Face thy requiem, thou hateful miscreant ratsbane!"
The orc closely misses your orc. The orc barely misses you.
The orc hits you from afar with a +0 trident.
You die...
Your body crumbles into a pile of gold.

....#....#
....#....#####
....+....'...###
....#....###...#
....#....#####.#
....'..........#
....###...####.##
###.)...©.......########
#.#########...@oo....#
#.#ßP.©.Pß#...$oo....#
#.#P../..P#.#.....>..#
#.####+####.##.......#
#.#.≈...≈5#. #.......#
#.#.≈...≈o#. #.......#
#.#5≈~~~≈.# #####+###
#.#.≈~~~≈


You could see a shadow imp, 3 orcs and a friendly orc (charmed).

Vanquished Creatures
  A gnoll (D:1)
  3 dart slugs (D:1)
  2 ribbon worms (D:2)
  An orc (D:3)
  4 ball pythons
  4 bats
  7 endoplasms
  3 giant cockroaches
  3 goblins
  6 hobgoblins
  3 frilled lizards (D:1)
  7 kobolds
  4 rats
48 creatures vanquished.

Notes
Turn   | Place    | Note
-------+----------+-------------------------------------------
     0 | D:1      | Bobbunny the Coglin Artificer began the quest for the Orb.
     0 | D:1      | Reached XP level 1. HP: 15/15 MP: 1/1
    57 | D:1      | Reached skill level 1 in Dodging
    88 | D:1      | Reached skill level 1 in Stealth
   136 | D:1      | Found a faded altar of an unknown god.
   151 | D:1      | Reached XP level 2. HP: 21/21 MP: 2/2
   166 | D:1      | Reached XP level 3. HP: 27/27 MP: 3/3
   314 | D:1      | Reached skill level 5 in Evocations
   591 | D:1      | Reached XP level 4. HP: 34/34 MP: 4/4
  1153 | D:2      | Found an opulent altar of Gozag.
  1550 | D:2      | Became a worshipper of Gozag Ym Sagoz the Greedy
  1917 | D:3      | Found a transporter.
  2139 | D:3      | Found a transporter.
  2172 | D:3      | Slain by an orc

Illustrated notes

Levels and vault maps discovered:
D:1:      minmay_arrival_three_doors, layout_basic,
          ebering_ecumenical_altar_sacrificial
D:2:      layout_basic, basic_altar, kennysheep_generic_room_14
D:3:      gammafunk_wand_slinger, layout_basic, trog_hazing_becter

Skill      XL: |  1  2  3  4 |
---------------+-------------+-----
Dodging        | 1 |  1.0
Stealth        | 1 |  1.0
Fighting       | 2 3 |  3.4
Evocations     | 5 |  5.2
Armour         | 2 |  2.0

Action                     |  1- 3 |  4- 6 || total
---------------------------+-------+-------++-------
  Melee: Club              |    47 |       ||    47
         Dagger            |    28 |    63 ||    91
         Short sword       |    11 |    63 ||    74
  Evoke: Wand              |     7 |     1 ||     8
    Use: Potion            |       |     1 ||     1
   Stab: Sleeping          |       |     3 ||     3
 Armour: Leather armour    |    34 |    40 ||    74
  Dodge: Dodged            |    33 |    37 ||    70

Table legend: (Time is in decaauts)
 A = Elapsed time spent in this place.
 B = Non-inter-level travel time spent in this place.
 C = Inter-level travel time spent in this place.
 D = Time resting spent in this place.
 E = Time spent auto-exploring this place.
 F = Levels seen in this place.
 G = Mean time per level.
                   A        B        C        D        E       F      G
               +--------+--------+--------+--------+--------+-----+--------+
         Total |   2182 |   2032 |    150 |    154 |   1442 |   3 |  727.3 |
       Dungeon |   2182 |   2032 |    150 |    154 |   1442 |   3 |  727.3 |
               +--------+--------+--------+--------+--------+-----+--------+

Top non-repeatable levels by time:
     D:2: 1170 daAuts
     D:1: 755 daAuts
     D:3: 256 daAuts
